 Dungeon Crawl Stone Soup version 0.27.0-1-g7a089689b8 (webtiles) character file.

Game seed: 3163630404023799693

172 Descartes the Conjurer (level 5, 0/28 HPs)
             Began as a Deep Elf Hedge Wizard on Aug 14, 2021.
             Slain by an ufetubus (1 damage)
             ... summoned by Eustachio
             ... on level 3 of the Dungeon.
             The game lasted 00:07:02 (3564 turns).

Descartes the Conjurer (Deep Elf Hedge Wizard)      Turns: 3564, Time: 00:07:03

Health: 0/28       AC:  3    Str:  7      XL:     5   Next: 27%
Magic:  11/13      EV: 11    Int: 20      God:
Gold:   6          SH:  0    Dex: 13 (14) Spells: 9/13 levels left

rFire    . . .     SeeInvis .   y - +0 falchion
rCold    . . .     Faith    .   (no shield)
rNeg     . . .     Spirit   .   h - +0 leather armour
rPois    .         Reflect  .   c - +0 hat
rElec    .         Harm     .   (no cloak)
rCorr    .         Rampage  .   (no gloves)
Will     .....                  (no boots)
Stlth    ++........             (no amulet)
HPRegen  0.09/turn              (no ring)
MPRegen  0.13/turn              (no ring)

@: studying Armour
A: no striking features
a: no special abilities


You were on level 3 of the Dungeon.
You visited 1 branch of the dungeon, and saw 4 of its levels.

You collected 156 gold pieces.
You spent 150 gold pieces at shops.

Inventory:

Hand Weapons
 a - a +0 dagger
 y - a +0 falchion (weapon)
Missiles
 e - 124 stones
 q - 23 bolts
 r - 24 sling bullets
 v - 37 arrows
Armour
 b - a +0 robe
 c - a +0 hat (worn)
 h - a +0 leather armour (worn)
 p - a scarf of harm
Wands
 A - a wand of digging (5)
Scrolls
 d - 3 scrolls of identify {unknown}
 i - a scroll of noise {unknown}
 j - a scroll of fog {unknown}
 k - 3 scrolls of enchant weapon {unknown}
 n - 2 scrolls of enchant armour {unknown}
 s - a scroll of fear {unknown}
 w - 4 scrolls of immolation {unknown}
Potions
 f - a potion of degeneration {unknown}
 g - 2 potions of curing
 l - a potion of haste {unknown}
 m - 2 potions of heal wounds
 o - a potion of might {unknown}
 t - a potion of magic {unknown}
 u - 2 potions of brilliance
 x - a potion of flight {unknown}
 z - 2 potions of attraction


   Skills:
 + Level 2.4 Armour
 - Level 2.4 Dodging
 - Level 2.4 Stealth
 + Level 4.5 Spellcasting
 - Level 5.0 Conjurations
 - Level 1.1 Summonings
 - Level 1.1 Translocations
 + Level 0.3 Air Magic
 + Level 0.3 Poison Magic


You had 9 spell levels left.
You knew the following spells:

 Your Spells              Type           Power      Damage    Failure   Level
a - Magic Dart            Conj           96%        1d7       2%          1
b - Mephitic Cloud        Conj/Pois/Air  12%        N/A       24%         3

Your spell library contained the following spells:

 Spells                   Type           Power      Damage    Failure   Level
 Apportation              Tloc           16%        N/A       12%         1
 Summon Small Mammal      Summ           32%        N/A       12%         1
 Blink                    Tloc           N/A        N/A       17%         2
 Call Imp                 Summ           8%         N/A       17%         2
 Animate Skeleton         Necr           8%         N/A       19%         1
 Corona                   Hex            4%         N/A       19%         1
 Conjure Flame            Conj/Fire      14%        6-21      19%         3
 Slow                     Hex            4%         N/A       26%         2
 Sublimation of Blood     Necr           2%         N/A       26%         2
 Wereblood                Tmut           4%         N/A       26%         2
 Summon Hydra             Summ           4%         N/A       100%        7


Dungeon Overview and Level Annotations

Branches:
Dungeon (4/15)
 Temple: D:4-7

Altars:
Trog

Shops:
D:4 !

Annotations:
D:3 Eustachio


Message History

The magic dart hits Eustachio but does no damage.
Eustachio is moderately wounded.
Eustachio hits you with a +0 rapier.
Casting: Magic Dart (safe; 2% risk of failure)
Confirm with . or Enter, or press ? or * to list all spells.
Aiming: Magic Dart (safe; 2% risk of failure)
Press: ? - help, Shift-Dir - straight line, f/p - Eustachio
Aim: Eustachio, wielding a +0 rapier and wearing a +2 leather armour of positive energy (moderately wounded, 100% to hit)
The magic dart hits Eustachio.
Eustachio is moderately wounded.
Eustachio hits you with a +0 rapier.
Casting: Magic Dart (safe; 2% risk of failure)
Confirm with . or Enter, or press ? or * to list all spells.
Aiming: Magic Dart (safe; 2% risk of failure)
Press: ? - help, Shift-Dir - straight line, f/p - Eustachio
Aim: Eustachio, wielding a +0 rapier and wearing a +2 leather armour of positive energy (moderately wounded, 100% to hit)
The magic dart hits Eustachio.
Eustachio is moderately wounded.
Eustachio hits you with a +0 rapier.
* * * LOW HITPOINT WARNING * * *
Eustachio closely misses you.
You climb upwards.
There is a stone staircase leading down here.
You miss Eustachio.
Eustachio is moderately wounded.
Eustachio barely misses you.
Eustachio asks, "How can you live without manners, virtues and honour?"
Eustachio mumbles some strange words.
Eustachio mumbles some strange words.
Eustachio blinks!
The shadow imp hits you.
* * * LOW HITPOINT WARNING * * *
The ufetubus hits you but does no damage.
The ufetubus hits you.
* * * LOW HITPOINT WARNING * * *
There is a stone staircase leading up here.
The ufetubus barely misses you.
You riposte.
You hit the ufetubus.
The ufetubus is moderately wounded.
The ufetubus hits you.
You die...

.......# #.......# #######
.......# ###......## ###.###
.......# #........# ##....#
.......## ##.###.##.## #....##
........#####..#...##..###....###
......#...>...##.####.........##.
.....###..5.......###........##..
.######....[...5...##..#.<.......
.# ###........@5@......#........#
.###................##.........##
..##.#.......)..........#......##
#....................#.##..#..###
.....#...........)...#....##..###
......#........)...#.##.#.#...รท..
.......#..........##.#......#....
.................................
..........##.....................


You could see Eustachio, an iron imp (summoned), a shadow imp (summoned) and an
ufetubus (summoned).

Vanquished Creatures
  2 hound skeletons
  3 adders
  A howler monkey skeleton (D:4)
  4 gnolls (D:3)
  3 orcs
  10 ball pythons
  2 endoplasms (D:1)
  4 giant cockroaches
  4 goblins
  9 hobgoblins
  4 jackals (D:1)
  3 quokkas
  5 bats
  9 kobolds
  4 rats
67 creatures vanquished.

Vanquished Creatures (others)
  A plant (D:1)
1 creature vanquished.

Grand Total: 68 creatures vanquished

Notes
Turn   | Place    | Note
-------+----------+-------------------------------------------
     0 | D:1      | Descartes the Deep Elf Hedge Wizard began the quest for the
                  | Orb.
     0 | D:1      | Reached XP level 1. HP: 10/10 MP: 7/7
   119 | D:1      | Reached skill level 2 in Conjurations
   126 | D:1      | Reached XP level 2. HP: 15/15 MP: 0/9
   543 | D:1      | Reached skill level 3 in Conjurations
  1126 | D:2      | Reached XP level 3. HP: 19/19 MP: 7/10
  1456 | D:2      | Reached skill level 4 in Conjurations
  2071 | D:3      | Reached XP level 4. HP: 24/24 MP: 9/12
  2488 | D:3      | Reached skill level 1 in Armour
  2961 | D:4      | Reached XP level 5. HP: 24/28 MP: 5/13
  2968 | D:4      | Learned a level 3 spell: Mephitic Cloud
  3105 | D:4      | Reached skill level 5 in Conjurations
  3108 | D:4      | Found a bloodstained altar of Trog.
  3237 | D:4      | Found Mikoutacw's Distillery.
  3251 | D:4      | Bought a potion of attraction for 30 gold pieces
  3251 | D:4      | Bought a potion of curing for 30 gold pieces
  3251 | D:4      | Bought a potion of heal wounds for 50 gold pieces
  3251 | D:4      | Bought a potion of brilliance for 40 gold pieces
  3325 | D:4      | Noticed Eustachio
  3562 | D:3      | HP: 1/28 [ufetubus[Eustachio] (4)]
  3564 | D:3      | Slain by an ufetubus

Illustrated notes

Levels and vault maps discovered:
D:1:      mrwooster_arrival_statue_3, layout_basic, minmay_shallow_snake_nest
D:2:      layout_basic, grunt_ministairs_15
D:3:      layout_rooms, hangedman_glass_teeth
D:4:      layout_rooms, nicolae_yredelemnul_ghost_church, trog_book,
          nicolae_overflow_crystal_walls, minmay_temple_entry_poolview,
          serial_shops, nicolae_diamond_shop, uniq_edmund, uniq_eustachio,
          uniq_crazy_yiuf_cottage, uniq_duvessa

Skill      XL: |  1  2  3  4  5 |
---------------+----------------+-----
Conjurations   | 2 3 4 5 |  5.0
Armour         | 2 |  2.4
Dodging        | |  2.4
Stealth        | |  2.4
Spellcasting   | |  4.5
Summonings     | |  1.1
Translocations | |  1.1
Air Magic      | |  0.3
Poison Magic   | |  0.3

Action                   |  1- 3 |  4- 6 || total
-------------------------+-------+-------++-------
Melee: Falchion          |       |     1 ||     1
 Cast: Magic Dart        |    93 |    86 ||   179
Armor: Leather armour    |     4 |     5 ||     9
Dodge: Dodged            |     2 |    13 ||    15
       Rpst.: Falchion   |       |     5 ||     5
